 Dungeon Crawl Stone Soup version 0.24.1-14-gf8d2b509d9 (webtiles) character file.

Game seed: 3191740748590165663, levelgen mode: deterministic

325682 billz999 the Eclecticist (level 20, -1/164 HPs)
             Began as a Mummy Fire Elementalist on Nov 2, 2020.
             Was an Initiate of Gozag.
             Slain by a spark wasp (23 damage)
             ... summoned by a boggart
             ... on level 2 of the Depths.
             The game lasted 04:39:49 (183645 turns).

billz999 the Eclecticist (MuFE)                   Turns: 183645, Time: 04:39:50

Health: -1/164     AC: 16    Str: 19    XL:     20   Next: 74%
Magic:  41/41      EV: 17    Int: 38    God:    Gozag
Gold:   391        SH:  4    Dex: 11    Spells: 6/53 levels left

rFire    + . .     SeeInvis .   Y - +2 dagger of Misery {flame, rElec rPois Int+2 Dex-2}
rCold    + + .     Gourm    .   K - +0 buckler
rNeg     + + +     Faith    .   y - quicksilver dragon scales "Jimuic" {rN++ MR+ Int+9 Slay-4}
rPois    ∞         Spirit   .   D - +0 helmet
rElec    +         Reflect  .   f - +2 cloak {+Inv}
rCorr    +         Harm     .   h - +0 pair of gloves
MR       +++..                  F - +1 pair of boots
Stlth    +.........             O - amulet of magic regeneration
HPRegen  0.37/turn              g - ring "Hyfaiv" {+Fly Int+7}
MPRegen  0.52/turn              x - ring of protection from fire

@: mighty, about to teleport, resistant, gold aura, very slightly contaminated,
hasted, very quick
A: no food or potions, fire vulnerability, cold resistance 1, negative energy
resistance 3, torment resistance, unbreathing, in touch with death 1
}: 2/15 runes: decaying, gossamer
a: Potion Petition, Call Merchant, Bribe Branch, Renounce Religion, Evoke
Invisibility, Evoke Flight


You were on level 2 of the Depths.
You worshipped Gozag.
Gozag was aware of your devotion.
You were not hungry.

You visited 8 branches of the dungeon, and saw 38 of its levels.
You also visited: Ossuary, Bailey and Ice Cave.

You collected 15733 gold pieces.
You spent 7441 gold pieces at shops.
You paid 7901 gold pieces to Gozag.

Inventory:

Hand Weapons
 d - a +0 dagger
 m - a +1 dagger of venom
 X - the cursed +0 scimitar "Spiderbane" {flame, rF+ MR+ Dex+4}
   (You found it on level 1 of the Swamp)

   It has been specially enchanted to burn those struck by it, causing extra
   injury to most foes and up to half again as much damage against particularly
   susceptible opponents.
   Big, fiery blades are also staple armaments of hydra-hunters.
   It affects your dexterity (+4).
   It protects you from fire.
   It affects your resistance to hostile enchantments.
   It has a curse placed upon it.
 Y - the +2 dagger of Misery (weapon) {flame, rElec rPois Int+2 Dex-2}
   (You bought it in a shop on level 12 of the Dungeon)

   It has been specially enchanted to burn those struck by it, causing extra
   injury to most foes and up to half again as much damage against particularly
   susceptible opponents.
   It affects your intelligence (+2).
   It affects your dexterity (-2).
   It insulates you from electricity.
   It protects you from poison.
Missiles
 b - 5 silver javelins
 e - 881 stones (quivered)
Armour
 f - a +2 cloak of invisibility (worn)
 h - a +0 pair of gloves (worn)
 u - a +0 robe of magic resistance
 y - the quicksilver dragon scales "Jimuic" (worn) {rN++ MR+ Int+9 Slay-4}
   (You bought it in a shop on level 2 of the Depths)

   It affects your intelligence (+9).
   It affects your accuracy and damage with ranged weapons and melee attacks
   (-4).
   It greatly protects you from negative energy.
   It affects your resistance to hostile enchantments.
 D - a +0 helmet (worn)
 F - a +1 pair of boots (worn)
 K - a +0 buckler (worn)
 Q - the +0 robe of Poor Excuses {rF+ Str+6}
   (You found it on level 6 of the Lair of Beasts)

   It affects your strength (+6).
   It protects you from fire.
Jewellery
 c - a +4 ring of intelligence
 g - the ring "Hyfaiv" (left hand) {+Fly Int+7}
   (You bought it in a shop on level 1 of the Vaults)

   [ring of flight]

   It affects your intelligence (+7).
   It lets you fly.
 n - an uncursed amulet of guardian spirit
 p - an uncursed amulet of regeneration
 w - a cursed -2 ring of strength
 x - a ring of protection from fire (right hand)
 B - a +4 ring of intelligence
 C - an uncursed ring of wizardry
 G - a +2 ring of intelligence
 M - an uncursed ring of resist corrosion
 O - an amulet of magic regeneration (around neck)
 S - the amulet "Zohidaom" {Acrobat *Slow rElec rC+}
   (You took it off a vault sentinel on level 1 of the Vaults)

   [amulet of the acrobat]

   It helps you evade while moving and waiting.
   It protects you from cold.
   It insulates you from electricity.
   It may slow you when you take damage.
 T - an uncursed ring of ice
Wands
 l - a wand of disintegration (33)
 q - a wand of digging (3)
 v - a wand of paralysis (44)
 L - a wand of clouds (1)
 P - a wand of flame (74)
 R - a wand of acid (1)
 U - a wand of random effects (23)
 Z - a wand of scattershot (3)
Scrolls
 a - a scroll of brand weapon
 i - 9 scrolls of teleportation
 j - 5 scrolls of enchant armour
 k - 2 scrolls of fog
 o - 6 scrolls of amnesia
 r - 7 scrolls of fear
 s - 10 scrolls of immolation
 t - 2 scrolls of blinking
 z - 2 scrolls of vulnerability
 A - 5 scrolls of enchant weapon
 E - 2 scrolls of holy word
 H - 6 scrolls of magic mapping
 J - 3 scrolls of summoning
 N - 16 scrolls of identify
 W - 9 scrolls of remove curse
Miscellaneous
 I - 2 boxes of beasts
 V - a sack of spiders


   Skills:
 - Level 15.7 Fighting
 - Level 13.7 Dodging
 - Level 1.5 Stealth
 - Level 4.0 Shields
 - Level 17.4 Spellcasting
 * Level 13.7 Conjurations
 + Level 11.4 Summonings
 - Level 5.0 Necromancy
 - Level 10.3 Fire Magic
 - Level 3.0 Air Magic
 - Level 5.0 Earth Magic
 - Level 8.2 Poison Magic


You had 6 spell levels left.
You knew the following spells:

 Your Spells              Type           Power        Failure   Level  Hunger
a - Flame Tongue          Conj/Fire      #####        0%          1    N/A
b - Conjure Flame         Conj/Fire      #######.     1%          3    N/A
c - Sticky Flame          Conj/Fire      #######.     1%          4    N/A
d - Fireball              Conj/Fire      #######...   1%          5    N/A
e - Mephitic Cloud        Conj/Pois/Air  #######.     1%          3    N/A
f - Blink                 Tloc           N/A          2%          2    N/A
g - Summon Lightning Spi  Summ/Air       ######..     1%          4    N/A
h - Poison Arrow          Conj/Pois      #######...   2%          6    N/A
i - Borgnjor's Vile Clut  Necr/Erth      #######...   6%          5    N/A
j - Orb of Destruction    Conj           #######...   4%          7    N/A
k - Spellforged Servitor  Conj/Summ      #######...   8%          7    N/A

Your spell library contained the following spells:

 Spells                   Type           Power        Failure   Level  Hunger
 Magic Dart               Conj           ####         0%          1    N/A
 Summon Small Mammal      Summ           ####         0%          1    N/A
 Apportation              Tloc           ####..       1%          1    N/A
 Confusing Touch          Hex            ####..       1%          1    N/A
 Corona                   Hex            ####...      1%          1    N/A
 Shock                    Conj/Air       ####         1%          1    N/A
 Sting                    Conj/Pois      ####         1%          1    N/A
 Call Imp                 Summ           #######.     1%          2    N/A
 Poisonous Vapours        Pois/Air       ######       1%          2    N/A
 Swiftness                Chrm/Air       #####...     1%          2    N/A
 Throw Flame              Conj/Fire      ######       1%          2    N/A
 Call Canine Familiar     Summ           #######.     1%          3    N/A
 Dazzling Spray           Conj/Hex       ######       1%          3    N/A
 Ignite Poison            Fire/Tmut/Pois ######..     1%          3    N/A
 Inner Flame              Hex/Fire       ######..     1%          3    N/A
 Recall                   Summ/Tloc      N/A          1%          3    N/A
 Static Discharge         Conj/Air       #######.     1%          3    N/A
 Summon Guardian Golem    Hex/Summ       ######..     1%          3    N/A
 Animate Dead             Necr           N/A          1%          4    N/A
 Olgreb's Toxic Radiance  Pois           #######.     1%          4    N/A
 Summon Ice Beast         Ice/Summ       ######..     1%          4    N/A
 Bolt of Magma            Conj/Fire/Erth #######...   1%          5    N/A
 Lightning Bolt           Conj/Air       #######...   1%          5    N/A
 Venom Bolt               Conj/Pois      #######...   1%          5    N/A
 Ensorcelled Hibernation  Hex/Ice        ####..       2%          2    N/A
 Shroud of Golubria       Chrm/Tloc      ####..       2%          2    N/A
 Slow                     Hex            ####....     2%          2    N/A
 Sticks to Snakes         Tmut           ####....     2%          2    N/A
 Irradiate                Conj/Tmut      ######....   2%          5    N/A
 Iskenderun's Battlesphe  Conj/Chrm      ######..     2%          5    N/A
 Confuse                  Hex            ####....     4%          3    N/A
 Gell's Gravitas          Tloc           ####......   4%          3    N/A
 Lesser Beckoning         Tloc           ####......   4%          3    N/A
 Portal Projectile        Hex/Tloc       ####..       4%          3    N/A
 Spectral Weapon          Hex/Chrm       ####....     4%          3    N/A
 Teleport Other           Tloc           ####....     4%          3    N/A
 Tukima's Dance           Hex            ####....     4%          3    N/A
 Airstrike                Air            ######....   4%          4    N/A
 Iron Shot                Conj/Erth      #######...   5%          6    N/A
 Petrify                  Tmut/Erth      ######..     6%          4    N/A
 Alistair's Intoxication  Tmut/Pois      ######..     9%          5    N/A
 Bolt of Cold             Conj/Ice       ######....   14%         6    N/A
 Passage of Golubria      Tloc           N/A          16%         4    N/A
 Freezing Cloud           Conj/Ice/Air   ######....   26%         6    N/A
 Death Channel            Necr           #######...   32%         6    N/A
 Metabolic Englaciation   Hex/Ice        ####......   41%         5    N/A
 Yara's Violent Unravell  Hex/Tmut       ####......   41%         5    N/A
 Simulacrum               Ice/Necr       ######....   65%         6    N/A
 Darkness                 Hex            ####......   94%         6    N/A
 Ozocubu's Refrigeration  Ice            ####......   94%         6    N/A
 Lehudib's Crystal Spear  Conj/Erth      #######...   92%         8    N/A
 Chain Lightning          Conj/Air       #######...   98%         8    N/A
 Fire Storm               Conj/Fire      #######...   100%        9    N/A
 Glaciate                 Conj/Ice       ######....   100%        9    N/A
 Beastly Appendage        Tmut           Unusable     N/A         1    N/A
 Spider Form              Tmut/Pois      Unusable     N/A         3    N/A
 Ice Form                 Ice/Tmut       Unusable     N/A         4    N/A
 Blade Hands              Tmut           Unusable     N/A         5    N/A
 Statue Form              Tmut/Erth      Unusable     N/A         6    N/A
 Hydra Form               Tmut           Unusable     N/A         6    N/A
 Dragon Form              Tmut           Unusable     N/A         7    N/A

Dungeon Overview and Level Annotations

Branches:
Dungeon (15/15)            Temple (1/1) D:6            Lair (6/6) D:10
  Swamp (4/4) Lair:2       Spider (4/4) Lair:3        Slime (0/5) Lair:5
    Orc (2/2) D:10            Elf (0/3) Orc:2        Vaults (4/5) D:14
  Crypt (0/3) Vaults:2     Depths (2/5) D:15        Ossuary (visited)
 Bailey (visited)           IceCv (visited)

Altars:
Dithmenos
Fedhas
Gozag
Hepliaklqana
Makhleb
Nemelex Xobeh
Okawaru
Qazlal
Ru
Uskayaw
Xom
Yredelemnul
Beogh
Lugonu

Shops:
D:8 !   D:12 (   D:13 }   Orc:2 *[!}   Lair:5 :   Spider:1 :   Vaults:1 =*
Vaults:3 =   Depths:2 [

Portals:
Hell: Depths:1 Depths:2
Abyss: Depths:1
Pandemonium: Orc:2 Depths:2
Ziggurat: Depths:2
Trove: D:11 (give +3 storm dragon scales)

Annotations:
D:9 2 transporters, gamerdudes's ghost, novice DECj
D:10 2 transporters, 3 runed translucent doors, Gautaugau's ghost, journeyman MiGl
D:13 1 runed translucent door, Deukiw's ghost, journeyman SpEn
Lair:2 3 runed translucent doors, billz999's ghost, journeyman OpEE
Orc:1 3 runed translucent doors, Keeluq's ghost, journeyman GrEE; Sucvi's ghost, journeyman MiFi; jujuben's ghost, journeyman HOGl
Vaults:1 1 runed translucent door, garrulousMonolith's ghost, veteran GnFi


Innate Abilities, Weirdness & Mutations

You do not eat or drink.
Your flesh is vulnerable to fire.
You are immune to poison.
Your flesh is cold resistant. (rC+)
You are immune to negative energy. (rN+++)
You are immune to unholy pain and torment.
You can survive without breathing.
You are in touch with the powers of death.


Message History

You no longer have enough gold to petition Gozag for potion effects.
You feel much better.
You feel better. Magic courses through your body.
The boggart burns!
You kill the boggart!
As you read the scroll of teleportation, it crumbles to dust.
You feel strangely unstable. The spark wasp stings you!
* * * LOW HITPOINT WARNING * * *
The spark wasp shocks you. You resist.
* * * LOW HITPOINT WARNING * * *
There is a large open door here.
The spark wasp bursts into living lightning!
The living lightning hits the spark wasp.
The spark wasp completely resists.
The living lightning hits the spark wasp.
The spark wasp completely resists.
The living lightning hits you but does no damage.
The spark wasp blinks!
The spark wasp stings you!!
You die...
Your body crumbles into a pile of gold.

##.$.#.##......§############Cc.$
##..##$##...§c§c....##..§§§c{≈c
##∩..#§##.?≈§⌠§....''...§≈c≈≈.
##..##.###..§§§...''..?§§..$#
##......####.....##.....####
##......#.###########''#.#$
##....''...............$''
###..#y...###⌠##⌠###....#
####.y@......}........#
###y....$>.....$.###
################


You could see 3 spark wasps.

Vanquished Creatures
  Sojobo (Depths:1)
  Bai Suzhen (Depths:2)
  Nikola (Spider:1)
  2 liches
  Jorgrun (Swamp:2)
  5 tengu reavers
  Gastronok (Lair:1)
  Kirke (Swamp:3)
  A deep elf sorcerer (Vaults:3)
  2 frost giants
  4 vault wardens
  2 fire giants
  A ghost moth (Spider:4)
  A draconian knight (Vaults:2)
  4 emperor scorpions
  7 ironheart preservers
  8 stone giants
  4 entropy weavers
  9 very ugly things
  2 vampire knights (Vaults:2)
  4 dire elephants (Lair:6)
  A deep elf death mage (Vaults:2)
  5 spark wasps
  6 yaktaur captains
  7 ettins
  Josephine (Lair:4)
  4 fire dragons
  2 great orbs of eyes (Vaults:1)
  2 jiangshi (Depths:2)
  8 ogre magi
  7 ice dragons
  5 rakshasas
  Harold (D:7)
  3 vault guards
  25 hydras
  A ghost crab (Swamp:2)
  3 shambling mangroves
  2 catoblepae
  7 centaur warriors
  Erica (Lair:2)
  3 death knights
  An anaconda (Lair:6)
  4 death yaks (Lair:3)
  9 alligators
  5 death scarabs (Spider:4)
  A deep troll shaman (Depths:2)
  33 two-headed ogres
  3 tengu warriors
  4 orc high priests
  2 spriggan berserkers (Swamp:4)
  6 spriggans
  A soul eater (Orc:2)
  A sun demon (Orc:2)
  A shock serpent (shapeshifter) (Depths:2)
  4 large abominations (Depths:1)
  4 unseen horrors
  A shadow wraith (Vaults:3)
  A spectral emperor scorpion (Spider:4)
  A gelid demonspawn (Orc:2)
  3 deep trolls
  2 deep elf archers
  An iron troll (Depths:2)
  A sixfirhy (Orc:2)
  9 orc knights
  2 wizards
  8 swamp dragons
  4 spectral wolf spiders (Spider:4)
  4 deep elf magi
  8 ironbrand convokers
  15 orb spiders
  2 necromancers
  5 orc sorcerers (Orc:2)
  6 cyclopes
  A manticore (D:8)
  2 wolf spider zombies (Spider:4)
  20 wolf spiders
  16 ugly things
  7 oklob plants (Lair:5)
  2 moths of wrath (Spider:4)
  10 elephants
  Maurice (D:11)
  10 vault sentinels
  5 black mambas
  Joseph (Lair:1)
  2 torpor snails
  An orange demon (Orc:2)
  16 spiny frogs
  A gargoyle (D:13)
  2 kobold demonologists (D:15)
  A spiny frog (shapeshifter) (Vaults:4)
  19 yaktaurs
  A yaktaur zombie (Vaults:4)
  5 freezing wraiths
  A spectral redback (Spider:4)
  9 demonic crawlers
  2 ice devils (Orc:2)
  4 komodo dragons
  A jumping spider (shapeshifter) (Vaults:1)
  A merfolk (shapeshifter) (Vaults:1)
  9 trolls
  3 meliai (Spider:2)
  2 jumping spider zombies (Spider:4)
  20 hornets
  3 polar bears
  2 spectral tarantellas (Spider:4)
  43 jumping spiders
  A raiju (shapeshifter) (D:14)
  3 spectral jumping spiders (Spider:4)
  6 tyrant leeches
  2 tarantella zombies (Spider:4)
  7 dream sheep (Lair:5)
  10 hippogriffs
  10 blink frogs
  A frost giant simulacrum (Vaults:2)
  4 bog bodies
  21 slime creatures
  A hippogriff (shapeshifter) (Vaults:1)
  60 redbacks
  7 shadows
  27 tarantellas
  2 vampires (D:15)
  2 wyverns
  4 hogs
  A human (shapeshifter) (Vaults:2)
  44 yaks
  6 wraiths
  A human (D:7)
  4 basilisks
  A chaos spawn (Depths:1)
  10 vampire mosquitoes
  3 hungry ghosts
  Edmund (D:5)
  3 insubstantial wisps
  A warg (Orc:1)
  3 acid dragons
  A hell hound (D:14)
  12 swamp worms
  10 water moccasins
  4 spectral hornets (Spider:4)
  10 porcupines
  Duvessa (D:7)
  9 swamp drakes
  4 ice beasts
  2 sky beasts
  3 small abominations (Depths:1)
  32 orc warriors
  A hornet zombie (Spider:4)
  2 eyes of draining
  6 necrophages
  3 black bears
  22 ogres
  10 wolves
  9 centaurs
  6 phantoms
  13 boggarts
  15 crocodiles
  2 big kobolds
  14 bullfrogs
  Dowan (D:7)
  9 scorpions
  An elf simulacrum (Vaults:4)
  8 killer bees (D:11)
  2 wights
  An orc simulacrum (Vaults:2)
  12 electric eels
  7 howler monkeys
  8 crimson imps
  3 bullfrog zombies
  3 centaur zombies
  3 bullfrog skeletons
  5 hounds
  6 jellies
  2 centaur skeletons
  21 orc wizards
  A gnoll shaman (D:6)
  22 orc priests
  A quasit (D:9)
  Jessica (D:3)
  4 human zombies
  2 iguanas
  7 worker ants
  3 big kobold zombies (Ossuary)
  A bullfrog simulacrum (D:8)
  4 mummies
  A hound skeleton (D:6)
  A howler monkey zombie (D:6)
  A worker ant zombie (D:8)
  16 gnolls
  15 adders
  2 scorpion zombies (Ossuary)
  6 shadow imps
  3 white imps (D:8)
  2 ufetubi
  An ooze (D:5)
  An adder zombie (D:6)
  2 adder skeletons
  2 worms
  3 dart slugs
  5 leopard geckos
  104 orcs
  A ball python (D:3)
  6 giant cockroaches
  2 gnoll zombies (Ossuary)
  6 goblins
  7 hobgoblins
  7 jackals
  6 quokkas
  7 bats
  6 frilled lizards
  2 goblin zombies (Ossuary)
  2 hobgoblin zombies (Ossuary)
  A jackal skeleton (D:6)
  22 kobolds
  4 kobold zombies (Ossuary)
  An orc zombie (Ossuary)
  6 rats
  5 plants (Lair:6)
1362 creatures vanquished.

Vanquished Creatures (collateral kills)
  Frederick (Vaults:2)
  A tengu reaver (Depths:1)
  A draconian knight (Vaults:2)
  2 orc warlords (Depths:1)
  5 vault wardens
  An emperor scorpion (Spider:4)
  3 very ugly things
  3 ironheart preservers
  Azrael (D:14)
  A spark wasp (Depths:1)
  2 dire elephants (Lair:6)
  2 ettins
  A fire dragon (Depths:1)
  A yaktaur captain (Vaults:4)
  7 ogre magi
  2 ice dragons
  5 hydras
  2 vault guards
  9 two-headed ogres
  A tengu warrior (D:15)
  A vampire mage (Depths:2)
  3 death scarabs (Spider:4)
  3 alligators
  3 orc high priests (Orc:2)
  2 deep elf knights
  A torturous demonspawn (Orc:2)
  3 unseen horrors (Depths:1)
  2 deep elf archers (Vaults:2)
  10 orc knights
  3 orb spiders
  2 wolf spiders (Spider:4)
  An orc sorcerer (Depths:1)
  10 slime creatures
  13 ugly things
  3 elephants (Lair:6)
  A frost giant skeleton (Vaults:3)
  A smoke demon (Orc:2)
  A vault sentinel (Vaults:3)
  A spiny frog (Swamp:1)
  A komodo dragon (shapeshifter) (D:15)
  6 yaktaurs
  3 spectral redbacks (Spider:4)
  2 demonic crawlers (Spider:4)
  A redback zombie (Spider:4)
  2 trolls
  3 jumping spiders (Spider:1)
  2 hornets
  A spectral tarantella (Spider:4)
  A tyrant leech (Swamp:2)
  A spectral jumping spider (Spider:4)
  2 blink frogs (Swamp:2)
  A stone giant simulacrum (Vaults:1)
  A hippogriff (Lair:6)
  An ettin zombie (Vaults:4)
  9 bog bodies
  An ettin skeleton (Vaults:3)
  2 spriggans (Swamp:2)
  8 redbacks
  8 yaks
  A shadow (D:12)
  A yak (shapeshifter) (D:14)
  2 hogs (Swamp:3)
  5 chaos spawn
  A tarantella (Spider:4)
  5 vampire mosquitoes
  A fire elemental (D:14)
  A warg (Vaults:1)
  2 swamp worms
  An acid dragon (shapeshifter) (Vaults:4)
  2 water moccasins
  6 hell hounds
  4 swamp drakes (Swamp:4)
  An ice beast (D:12)
  17 orc warriors
  10 ogres
  A crocodile (D:13)
  2 centaurs (D:14)
  A bullfrog (D:13)
  A gnoll sergeant (D:11)
  A wyvern skeleton (D:13)
  3 killer bees (D:11)
  A jelly (D:14)
  2 orc wizards
  9 orc priests
  3 gnolls (D:11)
  24 orcs
279 creatures vanquished.

Vanquished Creatures (others)
  An orc high priest (Depths:1)
  An ugly thing (Depths:1)
  A jumping spider (Spider:1)
  3 humans (Swamp:3)
  An insubstantial wisp (Swamp:3)
  A scorpion (Ossuary)
  A bush (Lair:1)
  66 fungi
  36 plants
  6 withered plants
117 creatures vanquished.

Grand Total: 1758 creatures vanquished

Notes
Turn   | Place    | Note
-------+----------+-------------------------------------------
     0 | D:1      | billz999 the Mummy Fire Elementalist began the quest for
                  | the Orb.
     0 | D:1      | Reached XP level 1. HP: 13/13 MP: 4/4
    38 | D:1      | Reached skill level 1 in Conjurations
   118 | D:1      | Reached XP level 2. HP: 19/19 MP: 2/5
   970 | D:1      | Reached XP level 3. HP: 12/24 MP: 0/7
  1404 | D:2      | Learned a level 3 spell: Conjure Flame
  1534 | D:2      | Found a faded altar of an unknown god.
  1562 | D:2      | Reached XP level 4. HP: 30/30 MP: 3/8
  1650 | D:2      | Noticed a phantom
  1675 | D:2      | Killed a phantom
  1675 | D:2      | Reached skill level 3 in Spellcasting
  1675 | D:2      | Reached XP level 5. HP: 29/35 MP: 3/10
  2168 | D:2      | You fall into a shaft and drop 2 floors!
  2681 | D:3      | Noticed Jessica
  2690 | D:3      | Killed Jessica
  2690 | D:3      | Reached skill level 4 in Spellcasting
  2755 | D:2      | Learned a level 4 spell: Sticky Flame
  3043 | D:2      | Reached XP level 6. HP: 40/41 MP: 7/12
  3319 | D:3      | Found a basalt altar of Yredelemnul.
  4760 | D:5      | Entered Level 5 of the Dungeon
  5304 | D:5      | Reached skill level 5 in Spellcasting
  5370 | D:5      | Found a sand-covered staircase.
  5376 | Ossuary  | Entered an ossuary
  5515 | Ossuary  | Reached XP level 7. HP: 46/46 MP: 9/14
  6638 | Ossuary  | Reached skill level 6 in Spellcasting
  6913 | D:5      | Reached skill level 5 in Conjurations
  6931 | D:5      | Learned a level 5 spell: Fireball
  7165 | D:5      | Reached XP level 8. HP: 41/52 MP: 0/17
  7725 | D:5      | Reached skill level 5 in Fire Magic
  7879 | D:5      | Reached skill level 7 in Spellcasting
  8117 | D:5      | Noticed Edmund
  8134 | D:5      | Killed Edmund
  8777 | D:6      | Reached skill level 8 in Spellcasting
  8959 | D:6      | Reached XP level 9. HP: 55/57 MP: 5/21
  9918 | D:6      | Found a shimmering altar of Xom.
 10164 | D:6      | Found a staircase to the Ecumenical Temple.
 10479 | Temple   | Entered the Ecumenical Temple
 10492 | Temple   | Became a worshipper of Gozag Ym Sagoz the Greedy
 10610 | D:7      | Noticed Duvessa
 10610 | D:7      | Noticed Dowan
 10956 | D:7      | Reached skill level 9 in Spellcasting
 12139 | D:7      | Killed Duvessa
 12139 | D:7      | Reached XP level 10. HP: 63/63 MP: 8/23
 12140 | D:7      | Killed Dowan
 12140 | D:7      | Reached skill level 10 in Spellcasting
 12843 | D:7      | Noticed Harold
 12957 | D:7      | Killed Harold
 14619 | D:8      | Noticed a manticore
 14752 | D:8      | Learned a level 3 spell: Mephitic Cloud
 14755 | D:8      | Learned a level 2 spell: Blink
 14797 | D:8      | Killed a manticore
 14797 | D:8      | Reached skill level 11 in Spellcasting
 15251 | D:8      | Found Uri Yf Linatt's Distillery.
 16113 | D:9      | Found a transporter.
 16156 | D:9      | Noticed gamerdudes's ghost (novice DECj)
 16354 | D:9      | Found a transporter.
 16717 | D:10     | Entered Level 10 of the Dungeon
 17190 | D:10     | Found an opulent altar of Gozag.
 17209 | D:10     | Reached XP level 11. HP: 68/68 MP: 22/26
 17396 | D:10     | Found a transporter.
 17396 | D:10     | Noticed a thrashing horror
 17401 | D:10     | Found a staircase to the Orcish Mines.
 18140 | D:10     | Reached skill level 12 in Spellcasting
 18291 | D:10     | Noticed a harpy
 18292 | D:10     | Noticed a spark wasp
 18643 | D:10     | Noticed a purple ugly thing
 18644 | D:10     | Found a corrupted altar of Lugonu.
 18644 | D:10     | Noticed a fire giant
 18816 | D:10     | Noticed an alligator snapping turtle
 18816 | D:10     | Noticed a cyan ugly thing
 18940 | D:10     | Found a runed translucent gate.
 18941 | D:10     | Found a runed translucent gate.
 18942 | D:10     | Found a runed translucent gate.
 18944 | D:10     | Noticed Gautaugau's ghost (journeyman MiGl)
 19082 | D:10     | Found a staircase to the Lair.
 19129 | D:10     | Found a transporter.
 19129 | D:10     | Noticed a purple ugly thing
 19131 | D:10     | Noticed a shadow dragon
 19183 | Lair:1   | Entered Level 1 of the Lair of Beasts
 19269 | Lair:1   | Noticed Gastronok
 20050 | Lair:1   | Noticed Joseph
 20177 | Lair:2   | Noticed Erica
 20184 | Lair:2   | Noticed a four-headed hydra
 20188 | Lair:2   | Found a staircase to the Swamp.
 20704 | Lair:1   | Killed Joseph
 20704 | Lair:1   | Reached skill level 13 in Spellcasting
 21150 | Lair:2   | Found a runed translucent gate.
 21387 | Lair:1   | Reached skill level 10 in Conjurations
 21617 | Lair:2   | Killed Erica
 21617 | Lair:2   | Reached XP level 12. HP: 45/74 MP: 4/29
 22274 | Lair:2   | Killed a four-headed hydra
 22274 | Lair:2   | Reached skill level 10 in Fire Magic
 23274 | Lair:2   | Noticed a seven-headed hydra
 23283 | Lair:2   | Killed a seven-headed hydra
 23662 | Lair:2   | Found a runed translucent gate.
 23662 | Lair:2   | Found a runed translucent gate.
 23667 | Lair:2   | Noticed billz999's ghost (journeyman OpEE)
 23670 | Lair:2   | Noticed a minotaur
 25032 | Lair:3   | Found a frozen archway.
 25040 | IceCv    | Entered an ice cave
 25047 | Lair:3   | Reached skill level 1 in Fighting
 25223 | Lair:3   | Reached skill level 1 in Shields
 25578 | Lair:3   | Found a hole to the Spider Nest.
 26161 | Lair:3   | Noticed a death yak
 27868 | Lair:3   | Found a runed translucent door.
 27881 | Lair:3   | Noticed a death yak
 27909 | Lair:3   | Killed a death yak
 28036 | Lair:3   | Noticed a death yak
 28039 | Lair:3   | Noticed a death yak
 28066 | Lair:3   | Killed a death yak
 28437 | Lair:3   | Killed a death yak
 28738 | Lair:3   | Killed a death yak
 28738 | Lair:3   | Gained mutation: You are in touch with the powers of death.
                  | [Mummy growth]
 28738 | Lair:3   | Reached XP level 13. HP: 84/88 MP: 5/30
 29960 | Lair:2   | Got a bloodstained short sword
 29961 | Lair:2   | Identified the +9 short sword of Compulsion {venom, rPois
                  | rF+ Int-5} (You found it on level 2 of the Lair of Beasts)
 31907 | Lair:4   | Noticed Josephine
 32503 | Lair:4   | Killed Josephine
 32503 | Lair:4   | Reached skill level 5 in Fighting
 33809 | Lair:5   | Reached skill level 5 in Dodging
 35385 | Lair:5   | Found a staircase to the Slime Pits.
 36565 | Lair:5   | Identified the Handbook of Twisted Transformation
 37346 | Lair:5   | Bought a book of Callings for 540 gold pieces
 37351 | Lair:5   | Learned a level 4 spell: Summon Lightning Spire
 37373 | Lair:6   | Entered Level 6 of the Lair of Beasts
 37907 | Lair:6   | Reached skill level 1 in Summonings
 37907 | Lair:6   | Reached skill level 1 in Air Magic
 40404 | Lair:6   | Reached XP level 14. HP: 104/104 MP: 5/31
 44625 | Lair:6   | Got a shadowed robe
 44641 | Lair:6   | Identified the cursed +0 robe of Poor Excuses {rF+ Str+6}
                  | (You found it on level 6 of the Lair of Beasts)
 45587 | Lair:1   | Killed Gastronok
 46321 | Lair:5   | Bought a book of Annihilations for 1987 gold pieces
 46328 | Lair:5   | Learned a level 6 spell: Poison Arrow
 46542 | D:11     | Reached skill level 1 in Poison Magic
 46576 | D:11     | Found a portal to a secret trove of treasure.
 46623 | D:11     | Noticed Maurice
 46639 | D:11     | Killed Maurice
 46691 | D:11     | Found a flagged portal.
 46699 | Bailey   | Entered a bailey
 47781 | D:11     | Found a burning altar of Makhleb.
 48286 | Orc:1    | Entered Level 1 of the Orcish Mines
 48587 | Orc:1    | Found a runed translucent gate.
 48587 | Orc:1    | Found a runed translucent gate.
 48587 | Orc:1    | Found a runed translucent gate.
 48587 | Orc:1    | Noticed Sucvi's ghost (journeyman MiFi)
 48587 | Orc:1    | Noticed Keeluq's ghost (journeyman GrEE)
 48588 | Orc:1    | Noticed jujuben's ghost (journeyman HOGl)
 49041 | Orc:2    | Entered Level 2 of the Orcish Mines
 49659 | Orc:2    | Found Xosa's General Store.
 49662 | Orc:2    | Found Yclurebi's Distillery.
 49671 | Orc:2    | Reached skill level 5 in Poison Magic
 50478 | Orc:2    | Found a roughly hewn altar of Beogh.
 50536 | Orc:2    | Found a staircase to the Elven Halls.
 54004 | Orc:2    | Found Ekuemobb's Gadget Shop.
 54004 | Orc:2    | Found Wyax Mehu's Antique Armour Boutique.
 54004 | Orc:2    | Found a one-way gate leading to the halls of Pandemonium.
 55015 | D:12     | Reached XP level 15. HP: 99/113 MP: 25/32
 55070 | D:12     | Bought an iridescent dagger for 245 gold pieces
 55070 | D:12     | Bought an ivory rapier for 315 gold pieces
 55070 | D:12     | Identified the +2 dagger of Misery {flame, rElec rPois
                  | Int+2 Dex-2} (You bought it in a shop on level 12 of the
                  | Dungeon)
 55071 | D:12     | Identified the +11 rapier of Xongyjabb {antimagic, rF+ rC+
                  | Str+3} (You bought it in a shop on level 12 of the Dungeon)
 55831 | D:12     | Identified the +11 triple sword of the Jolly Ships {venom,
                  | *Rage Int+4 Dex+7 Stlth+}
 56081 | D:12     | Reached skill level 14 in Spellcasting
 57619 | D:13     | Found a runed translucent door.
 57619 | D:13     | Noticed Deukiw's ghost (journeyman SpEn)
 57667 | D:13     | Found Jauseb's Gadget Shop.
 57784 | D:14     | Noticed Azrael
 58235 | D:14     | Killed Azrael
 58602 | D:14     | Found a gate to the Vaults.
 59021 | D:14     | Found a blossoming altar of Fedhas.
 59194 | D:14     | Identified the +7 mace of Offence {flame, rC+} (You found
                  | it on level 14 of the Dungeon)
 59769 | D:15     | Entered Level 15 of the Dungeon
 60598 | D:15     | Reached skill level 15 in Spellcasting
 60811 | D:15     | Found a staircase to the Depths.
 62991 | Swamp:1  | Entered Level 1 of the Swamp
 63371 | Swamp:1  | Identified the cursed +0 scimitar "Spiderbane" {flame, rF+
                  | MR+ Dex+4} (You found it on level 1 of the Swamp)
 64238 | Swamp:1  | HP: 4/113 [six-headed hydra (6)]
 65326 | Swamp:1  | Reached XP level 16. HP: 120/120 MP: 24/35
 66775 | Lair:5   | Bought a book of Unlife for 1170 gold pieces
 66916 | Swamp:1  | Learned a level 5 spell: Borgnjor's Vile Clutch
 69984 | Swamp:2  | Noticed Jorgrun
 69991 | Swamp:1  | Reached skill level 1 in Necromancy
 70334 | Swamp:2  | Reached skill level 1 in Earth Magic
 75144 | Swamp:2  | Identified the +1 robe of Immorality {rC+ Str+2}
 75149 | Swamp:2  | Killed Jorgrun
 84853 | Swamp:3  | Reached skill level 10 in Fighting
 87660 | Swamp:3  | Noticed Kirke
 87665 | Swamp:3  | Noticed a sphinx
 90171 | Swamp:3  | Killed Kirke
 93146 | Swamp:4  | Entered Level 4 of the Swamp
115157 | Swamp:4  | Got a decaying rune of Zot
115911 | Spider:1 | Entered Level 1 of the Spider Nest
116711 | Spider:1 | Reached XP level 17. HP: 130/130 MP: 1/36
116718 | Spider:1 | Reached skill level 5 in Necromancy
117840 | Spider:1 | Reached skill level 5 in Earth Magic
118716 | Spider:1 | Noticed Nikola
118732 | Spider:1 | Killed Nikola
119799 | Spider:1 | Identified the +1 flail of Magnificence {venom, rN+} (You
                  | found it on level 1 of the Spider Nest)
119811 | Spider:1 | Reached skill level 16 in Spellcasting
121865 | Spider:1 | Bought a book of Power for 720 gold pieces
121873 | Spider:1 | Learned a level 7 spell: Orb of Destruction
125601 | Spider:2 | Learned a level 7 spell: Spellforged Servitor
132437 | Spider:3 | Identified the +5 great sword of Doom {freeze, rF+} (You
                  | found it on level 3 of the Spider Nest)
133178 | Spider:3 | Reached skill level 5 in Summonings
133874 | Spider:4 | Entered Level 4 of the Spider Nest
145654 | Spider:4 | Reached XP level 18. HP: 138/138 MP: 20/38
151121 | Spider:4 | Got a gossamer rune of Zot
152005 | Vaults:1 | Entered Level 1 of the Vaults
152603 | Vaults:1 | Reached skill level 10 in Dodging
155067 | Vaults:1 | Reached skill level 17 in Spellcasting
157824 | Vaults:1 | Found Baluixer's Assorted Antiques.
157874 | Vaults:1 | Bought a glowing cloak for 195 gold pieces
158506 | Vaults:1 | Found a runed translucent door.
158506 | Vaults:1 | Noticed garrulousMonolith's ghost (veteran GnFi)
158828 | Vaults:1 | Identified the amulet "Zohidaom" {Acrobat *Slow rElec rC+}
159116 | Vaults:1 | Identified Odyus's Disquisition on Fetching Blows and
                  | Bruises
159653 | Vaults:1 | Bought the ring "Hyfaiv" {+Fly Int+7} for 705 gold pieces
159660 | Vaults:1 | Bought an uncursed ring of protection from fire for 450
                  | gold pieces
160557 | Vaults:2 | Reached skill level 10 in Summonings
162547 | Vaults:2 | Reached XP level 19. HP: 148/148 MP: 17/40
162755 | Vaults:2 | Noticed Frederick
163756 | Vaults:2 | Killed Frederick
165025 | Vaults:2 | Found a staircase to the Crypt.
168626 | Vaults:3 | Found Asholos's Jewellery Boutique.
170117 | Vaults:4 | Identified the +6 whip of Giorphiuxt {slash, Int+4}
175590 | Depths:1 | Entered Level 1 of the Depths
175640 | D:15     | Reached XP level 20. HP: 111/160 MP: 0/41
176900 | Depths:1 | Reached skill level 15 in Fighting
177939 | Depths:1 | Found a one-way gate to the infinite horrors of the Abyss.
178468 | Depths:1 | Noticed Sojobo
180827 | Depths:2 | Bought the quicksilver dragon scales "Jimuic" {rN++ MR+
                  | Int+9 Slay-4} for 1114 gold pieces
181523 | Depths:1 | Killed Sojobo
181995 | Depths:1 | Found a gateway to Hell.
182297 | Depths:2 | Found a gateway to a ziggurat.
183081 | Depths:2 | Noticed Bai Suzhen
183134 | Depths:2 | Killed Bai Suzhen
183630 | Depths:2 | HP: 6/164 [spark wasp[a boggart] (5)]
183645 | Depths:2 | Slain by a spark wasp

Levels and vault maps discovered:
D:1:      elethiomel_arrival_quiet, layout_basic, st_stairs_6, corner_web_ring,
          minmay_heptomino_w4
D:2:      layout_loops_cross, chequers_ecumenical_altar_simple_redux,
          first_ration, kennysheep_generic_room_2
D:3:      layout_loops_ring, overflow_temple_1_default, uniq_jessica
D:4:      layout_layer_cave
D:5:      layout_gridville, nicolae_ossuary_entry_ruins, uniq_edmund
D:6:      layout_basic, minmay_temple_entry_enclosed_plants, basic_altar
D:7:      layout_basic, grunt_livestock, nicolae_wand_duel, st_stairs_13,
          uniq_duvessa, uniq_harold
D:8:      layout_basic, serial_shops, nicolae_shop_trees, serial_ice,
          serial_ice_j, serial_ice_c, serial_ice_e, serial_ice_a, kb_rosetta
D:9:      layout_layer_cave, gammafunk_ghost_stat_death
D:10:     gammafunk_corrupted_shrine, layout_cross,
          grunt_lair_entry_orc_guard_hut, orc_0_dummy, gammafunk_ghost_split,
          serial_undead, serial_undead_c, serial_undead_c, serial_undead_e,
          serial_undead_d, serial_undead_e, serial_undead_d,
          lemuel_altar_in_water
D:11:     layout_roguey, enter_bailey_2, basic_altar, enter_trove_5,
          uniq_maurice
D:12:     minmay_the_grid_triangle_9x9_recursive_2_mashed
          [minmay_the_grid_triangle_9x9_prize_insulated,
          minmay_the_grid_triangle_9x9_longest,
          minmay_the_grid_triangle_9x9_sparse_checkered,
          minmay_the_grid_triangle_9x9_dagger], layout_small_grid
D:13:     layout_rooms, ebering_ghost_inner_flame, serial_shops, shop,
          chequers_mini_garden
D:14:     layout_loops_corners, david_vaults_2, fedhas_altar_4, uniq_azrael
D:15:     grunt_enter_depths_hoard, layout_basic, minmay_misc_feat_four_crosses,
          abandoned_shop
Temple:   nicolae_temple_the_god_donut
Lair:1:   layout_loops_ring, infiniplex_staircase_pool_2, lemuel_fruit_tree,
          grunt_megastairs_4, uniq_gastronok, uniq_joseph
Lair:2:   layout_chaotic_city, swamp_mist, maelrawn_ghost_gauntlet_escape,
          st_stairs_12, nicolae_quartered_pool_super, disabler_island,
          uniq_erica
Lair:3:   layout_regular_city, nicolae_spider_entry_tight_spaces,
          portal_ice_cave_entry_pillars_2, gauntlet_entry_generic, minivault_23,
          pf_torpor_hydra
Lair:4:   layout_loops_ring, uniq_josephine
Lair:5:   layout_loops_ring, minmay_slime_entry_oklob_open
Lair:6:   due_jungle_book, layout_regular_city, enter_volcano_3,
          serial_bayou_shore_b
Swamp:1:  layout_basic_swamp, evilmike_swamp_ruin_house_1,
          infiniplex_staircase_pool
Swamp:2:  layout_falls_marsh, evilmike_swamp_ruin_rubble_1, uniq_jorgrun
Swamp:3:  layout_falls_marsh, evilmike_swamp_ruin_rubble_2, uniq_kirke
Swamp:4:  swamp_basic_johnstein, layout_basic_swamp
Spider:1: layout_spider_delve, uniq_nikola
Spider:2: layout_chambers
Spider:3: layout_spider_delve, nicolae_spider_cling_ruins
Spider:4: floodkiller_spider_rune_tomb
Orc:1:    layout_caves, gammafunk_ghost_cemetery
Orc:2:    pf_orc_diabolical, layout_caves, basic_altar
Vaults:1: gammafunk_vaults_ghost_grave, ontoclasm_vaults_decontamination,
          vaults_room_stairs_pillars, hangedman_vaults_impose,
          grunt_vaults_bifocal, vaults_standard_mumra_enter_the_diamond,
          v_misc_31, vaults_mumra_hexcomb, nicolae_vaults_ring_of_whatevers,
          st_eye, v_misc_8, ontoclasm_vaults_loading_screen,
          layout_vaults_omnicross, serial_shops, nicolae_shop_waterfront
Vaults:2: v_misc_22, nicolae_vaults_little_squares_2, v_misc_27,
          minmay_crypt_entry_simple_walls, v_misc_8,
          nicolae_vaults_little_squares_3, v_pattern_1, serial_ice_b,
          sword_in_stone, layout_vaults_omnigrid
Vaults:3: v_alt_pattern_1, v_alt_pattern_6, v_misc_23, v_misc_33,
          vaults_room_octagon, ontoclasm_vaults_chip, vaults_dpeg_doors,
          nicolae_vaults_little_ls, layout_vaults_chaotic_city, serial_shops,
          nicolae_shop_window_shopping
Vaults:4: nicolae_vaults_border_crossing, vaults_room_corners,
          ontoclasm_vaults_tryst, v_misc_23, v_misc_27,
          nicolae_vaults_three_branches, vaults_mumra_chevron,
          hangedman_vaults_river_flow, v_rooms_5, ontoclasm_vaults_gateway,
          hangedman_vaults_stretched_pinwheel, st_diamondy,
          ontoclasm_vaults_ligature, layout_vaults_omnibox
Depths:1: layout_honeycomb, pf_hell_entry_tar_spiral, minmay_room_of_horrors,
          chequers_serial_rivers_small_a, minmay_orc_keep, uniq_sojobo
Depths:2: grunt_runaround [grunt_runaround_doors_1, grunt_runaround_doors_2,
          grunt_runaround_doors_3, grunt_runaround_doors_4,
          grunt_runaround_loot], pan_entry, hell_entry, uniq_bai_suzhen

Skill      XL: |  1  2  3  4  5  6  7  8  9 10 11 12 13 14 15 16 17 18 19 20 |
---------------+-------------------------------------------------------------+-----
Conjurations   | 1 2 3 4 5 6 7 8 10 12 13 | 13.7
Spellcasting   | 3 4 5 6 8 9 11 13 15 16 17 | 17.4
Fire Magic     | 3 4 5 7 8 9 10 | 10.3
Fighting       | 4 7 9 10 11 12 14 15 | 15.7
Dodging        | 4 6 8 9 11 12 13 | 13.7
Shields        | 3 4 |  4.0
Summonings     | 3 8 10 11 | 11.4
Air Magic      | 3 |  3.0
Poison Magic   | 7 8 |  8.2
Necromancy     | 4 5 |  5.0
Earth Magic    | 4 5 |  5.0
Stealth        | |  1.5

Action                   |  1- 3 |  4- 6 |  7- 9 | 10-12 | 13-15 | 16-18 | 19-21 || total
-------------------------+-------+-------+-------+-------+-------+-------+-------++-------
Melee: Dagger            |    17 |    34 |   125 |     8 |   143 |     8 |    27 ||   362
       Staff             |       |       |       |       |     3 |       |       ||     3
Throw: Javelin           |     4 |     6 |     9 |       |       |       |       ||    19
       Stone             |       |     5 |     5 |    20 |    34 |       |       ||    64
 Cast: Flame Tongue      |    59 |   128 |   179 |   464 |   714 |   127 |    25 ||  1696
       Conjure Flame     |       |     4 |    35 |    16 |     6 |       |       ||    61
       Sticky Flame      |       |     4 |    30 |   106 |   141 |    33 |    26 ||   340
       Fireball          |       |       |     5 |    58 |   133 |    18 |    12 ||   226
       Mephitic Cloud    |       |       |       |    21 |    10 |       |       ||    31
       Summon Lightning  |       |       |       |       |   161 |   128 |     1 ||   290
       Poison Arrow      |       |       |       |       |   226 |   512 |   212 ||   950
       Borgnjor's Vile C |       |       |       |       |       |    72 |    49 ||   121
       Blink             |       |       |       |       |       |    22 |    14 ||    36
       Orb of Destructio |       |       |       |       |       |   163 |    81 ||   244
       Spellforged Servi |       |       |       |       |       |    45 |    35 ||    80
Invok: Potion Petition   |       |       |       |     1 |     1 |       |     6 ||     8
       Call Merchant     |       |       |       |       |     2 |     2 |     1 ||     5
Evoke: Wand              |       |       |       |     6 |     7 |    15 |     1 ||    29
  Use: Scroll            |       |     6 |     3 |    11 |    21 |    13 |    12 ||    66
 Stab: Sleeping          |     1 |     3 |     2 |       |       |       |       ||     6
Armor: Robe              |     4 |     6 |    14 |    24 |    87 |    95 |    30 ||   260
       Quicksilver drago |       |       |       |       |       |       |    11 ||    11
Dodge: Dodged            |    20 |    50 |    85 |   119 |   328 |   255 |   176 ||  1033
Block: Buckler           |       |       |       |    21 |    91 |    58 |    48 ||   218
